Map: Dreamcatcher LE

Players

Trizztein

  • Race: Terran Terran
  • League: Diamond
  • Spawn Location: 5:00

A.I. 1 (Very Easy) - Winner!

  • Race: Protoss Protoss
  • Spawn Location: 11:00

VOD

Have the link to the VOD?

Description

TrizzteinHellionDropLibVariant(update12juillet)

Time

  • Played on: July 12, 2018, 1:34 p.m.
  • Length: 7:25
Show
View Real Time Build Order
Export as new Build Order

Trizztein Terran 

Build Orders: Liberator Opening, MMM Bio 

Get SALT Encoding   

  6  0:00  SCV  
  13  0:12  SCV  
  14  0:17  Supply Depot  
  14  0:24  SCV  
  14  0:28  Refinery  
  15  0:39  SCV  
  16  0:45  Barracks  
  16  0:51  SCV  
  17  1:03  SCV  
  18  1:15  SCV  
  19  1:29  Refinery  
  19  1:32  Marine, Orbital Command  
  20  1:33  Factory  
  20  1:50  Supply Depot  
  20  1:57  SCV  
  21  2:10  SCV  
  22  2:17  Widow Mine  
  22  2:22  Command Center  
  24  2:26  SCV  
  24  2:28  Barracks Reactor  
  25  2:34  Supply Depot  
  25  2:38  SCV  
  25  2:42  Widow Mine  
  28  2:50  SCV  
  29  2:53  Starport  
  29  3:02  SCV  
  30  3:11  Hellion  
  34  3:13  Hellion  
  34  3:14  SCV  
  34  3:15  Barracks Reactor  
  35  3:26  SCV  
  36  3:29  Starport Tech Lab  
  36  3:32  Hellion  
  38  3:34  Orbital Command  
  38  3:38  Liberator  
  38  3:39  SCV  
  39  3:51  SCV  
  39  3:55  Medivac  
  45  3:58  Stimpack, Marine  
  45  4:00  SCV  
  47  4:03  SCV  
  47  4:06  Supply Depot  
  48  4:12  SCV  
  48  4:14  Factory Tech Lab  
  48  4:16  Marine  
  50  4:17  Engineering Bay  
  50  4:19  SCV  
  51  4:24  SCV  
  51  4:31  SCV  
  53  4:34  Barracks, Siege Tank  
  53  4:36  SCV  
  57  4:40  Bunker  
  57  4:43  SCV  
  58  4:47  Terran Infantry Weapons Level 1, Supply Depot  
  58  4:49  SCV  
  58  4:50  Marine  
  60  4:55  SCV  
  60  4:57  Refinery  
  61  5:01  SCV  
  62  5:08  SCV  
  62  5:11  Barracks  
  62  5:13  SCV  
  64  5:14  Factory Tech Lab  
  64  5:24  SCV  
  64  5:25  SCV, Supply Depot  
  64  5:27  Supply Depot  
  64  5:28  Barracks  
  61  5:30  Barracks  
  61  5:31  Barracks, Marine x2  
  61  5:32  Marine  
  64  5:39  SCV  
  64  5:42  Siege Tank  
  68  5:45  Liberator  
  68  5:47  Supply Depot  
  68  5:49  Liberator  
  68  5:50  Supply Depot  
  68  5:51  Marine x3  
  71  5:58  Marauder  
  71  5:59  Combat Shields  
  76  6:09  Marauder  
  81  6:16  Supply Depot  
  81  6:17  Marine x4  
  85  6:19  Supply Depot  
  85  6:21  Siege Tank  
  85  6:25  Marine x2  
  90  6:30  Marine  
  91  6:35  Marine x4  
  95  6:42  Supply Depot  
  95  6:43  SCV, Marine, Marauder  
  95  6:45  Supply Depot  
  99  6:48  Marine  
  99  6:52  Marine  
  99  6:53  Marine x3  
  107  7:00  Marine  
  111  7:11  Bunker  
  111  7:12  Missile Turret  
Show
View Real Time Build Order
Export as new Build Order

A.I. 1 (Very Easy) Protoss - Winner!

Build Orders: 1 Gate Expand, Nexus First 

Get SALT Encoding   

  6  0:00  Probe  
  13  0:13  Probe  
  14  0:19  Pylon  
  14  0:43  Gateway  
  14  1:00  Nexus  
  14  1:19  Pylon  
  14  1:21  Zealot  
  14  1:23  Assimilator  
  16  1:36  Cybernetics Core  
  16  1:38  Probe  
  17  1:50  Probe  
  18  2:00  Probe  
  18  2:01  Assimilator  
  19  2:08  Probe  
  19  2:14  Stalker  
  22  2:15  Warp Gate, Probe  
  23  2:25  Probe  
  23  2:29  Probe  
  25  2:40  Probe  
  26  2:46  Pylon  
  26  2:47  Probe  
  27  2:54  Probe  
  28  3:00  Probe  
  29  3:09  Probe  
  29  3:12  Probe, Assimilator  
  30  3:13  Robotics Facility  
  31  3:23  Zealot  
  34  3:27  Probe  
  35  3:34  Probe  
  36  3:41  Probe  
  37  3:48  Probe  
  38  3:55  Probe  
  38  4:00  Observer  
  39  4:03  Probe  
  39  4:08  Probe  
  40  4:16  Probe, Assimilator  
  41  4:21  Probe, Observer  
  43  4:28  Probe  
  44  4:31  Sentry  
  44  4:37  Pylon  
  47  4:39  Probe  
  48  4:46  Probe  
  49  4:54  Probe  
  50  5:11  Probe  
  42  5:23  Probe  
  42  5:26  Probe  
  24  5:37  Probe  
  25  5:44  Probe  
  26  5:51  Probe  
  27  5:59  Probe  
  28  6:04  Probe  
  29  6:11  Probe  
  29  6:16  Probe  
  30  6:23  Probe  
  32  6:34  Probe  
  33  6:42  Probe  
  34  6:49  Probe  
  35  6:56  Probe  
  36  7:03  Probe  
  37  7:11  Probe  
  38  7:20  Stalker  
Tags
 
Add a new tag
Caveats
  • Supply blocks, unpowered buildings, or Contaminate may cause inaccurate times.
  • Supply counts are checked every 10 seconds.